 Dungeon Crawl Stone Soup version 0.32-a0-900-g30fb1b0edc (webtiles) character file.

Game seed: 17191556177422766696

567696 910rd the Metallomancer (level 24, -11/212 (218) HPs)
             Began as a Grey Draconian Wanderer on Mar 22, 2024.
             Was the Champion of Vehumet.
             Mangled by a protean progenitor (46 damage)
             ... on level 2 of the Realm of Zot on Apr 5, 2024.
             The game lasted 05:18:42 (82634 turns).

910rd the Metallomancer (Grey Draconian Wanderer)  Turns: 82634, Time: 05:18:43

HP:   -11/212 (218) AC: 26    Str: 22 (23) XL:     24   Next: 98%
MP:   19/43         EV: 17    Int: 29      God:    Vehumet [******]
Gold: 7869          SH:  0    Dex: 11      Spells: 0/55 levels left

rFire   + + .        v - staff of earth
rCold   + . .        L - orb of Miehaq {light, Int+2 Stlth+}
rNeg    + + .        (body armour unavailable)
rPois   +            d - -2 hat of the Alchemist {rElec rPois rF+ rC+ rN+ Will+ rMut rCorr}
rElec   +            x - +2 cloak
rCorr   +            O - +2 pair of gloves
SInv    .            Y - +4 pair of boots "Voddouno" {rPois Str+5}
Will    +++..        Q - amulet of magic regeneration
Stlth   ++           M - ring "Koghis" {Wiz Str+6}
HPRegen 0.55/turn    n - ring of Fazuloud {rF+ rN+ Will+}
MPRegen 0.68/turn

%: resist mutation, wizardry (x1)
@: glowing, studying Unarmed Combat, lightly drained
A: mud breath, mud-swimmer, AC +17, amphibious, unfitting armour, cold-blooded
}: 4/15 runes: decaying, serpentine, silver, abyssal
a: Mud Breath, Renounce Religion


You were on level 2 of the Realm of Zot.
You worshipped Vehumet.
Vehumet was exalted by your worship.
You visited 10 branches of the dungeon, and saw 46 of its levels.
You visited the Abyss 4 times.
You also visited: Trove, Sewer, Gauntlet and Ice Cave.

You collected 9208 gold pieces.
You spent 1339 gold pieces at shops.

Inventory:

Missiles
 m - 19 curare-tipped darts
 p - 16 silver javelins
 B - 7 throwing nets
Armour
 d - the -2 hat of the Alchemist (worn) {rElec rPois rF+ rC+ rN+ Will+ rMut rCorr}
   (You found it on level 13 of the Dungeon)

   rF+:       It protects you from fire.
   rC+:       It protects you from cold.
   rElec:     It insulates you from electricity.
   rPois:     It protects you from poison.
   rN+:       It protects you from negative energy.
   Will+:     It increases your willpower.
   rCorr:     It protects you from acid and corrosion.
   rMut:      It protects you from mutation.
 x - a +2 cloak (worn)
 A - an orb of energy
 L - the orb of Miehaq (worn) {light, Int+2 Stlth+}
   (You took it off Frederick on level 4 of the Vaults)

   Int+2:     It affects your intelligence (+2).
   Stlth+:    It makes you more stealthy.
 O - a +2 pair of gloves (worn)
 Y - the +4 pair of boots "Voddouno" (worn) {rPois Str+5}
   (You found it on level 5 of the Vaults)

   Str+5:     It affects your strength (+5).
   rPois:     It protects you from poison.
Magical Staves
 v - a staff of earth (weapon)
Jewellery
 n - the ring of Fazuloud (right hand) {rF+ rN+ Will+}
   (You found it on level 2 of the Depths)

   [ring of positive energy]

   rF+:       It protects you from fire.
   rN+:       It protects you from negative energy.
   Will+:     It increases your willpower.
 y - a ring of see invisible
 G - the ring of Vuepaab {rCorr Int+6 Stlth+}
   (You found it on level 15 of the Dungeon)

   [ring of intelligence]

   Int+6:     It affects your intelligence (+6).
   rCorr:     It protects you from acid and corrosion.
   Stlth+:    It makes you more stealthy.
 H - the ring "Eviwabie" {rElec rF+ Str+3 Int+3}
   (You found it on level 15 of the Dungeon)

   [ring of protection from fire]

   Str+3:     It affects your strength (+3).
   Int+3:     It affects your intelligence (+3).
   rF+:       It protects you from fire.
   rElec:     It insulates you from electricity.
 M - the ring "Koghis" (left hand) {Wiz Str+6}
   (You took it off a deep elf sorcerer on level 3 of the Elven Halls)

   [ring of wizardry]

   Wiz:       It improves your spell success rate.
   Str+6:     It affects your strength (+6).
 P - a ring of flight
 Q - an amulet of magic regeneration (around neck)
 S - the ring "Xusoupn" {+Blink rC+++ rCorr Str+6 Stlth-}
   (You found it in a Gauntlet)

   [ring of strength]

   Str+6:     It affects your strength (+6).
   rC+++:     It renders you almost immune to cold.
   +Blink:    It lets you blink.
   rCorr:     It protects you from acid and corrosion.
   Stlth-:    It makes you less stealthy.
 V - the ring "Fabegy" {rF++ AC+4 Str+4}
   (You found it on level 15 of the Dungeon)

   [ring of protection]

   AC+4:      It affects your AC (+4).
   Str+4:     It affects your strength (+4).
   rF++:      It greatly protects you from fire.
Wands
 D - a wand of paralysis (84)
 N - a wand of light (36)
 W - a wand of warping (46)
Scrolls
 b - 5 scrolls of butterflies
 k - 11 scrolls of fog
 s - 10 scrolls of poison
 t - 7 scrolls of vulnerability
 F - 14 scrolls of immolation
 K - 9 scrolls of fear
 T - 5 scrolls of revelation
 U - 7 scrolls of blinking
 X - 25 scrolls of teleportation
Potions
 c - 20 potions of curing
 e - 3 potions of magic
 f - 16 potions of might
 g - 8 potions of resistance
 h - 6 potions of invisibility
 i - 8 potions of heal wounds
 j - 3 potions of brilliance
 o - 3 potions of attraction
 r - 7 potions of lignification
 w - 2 potions of berserk rage
 z - 10 potions of cancellation
 E - 7 potions of mutation
 I - 9 potions of haste
 J - 11 potions of ambrosia
 Z - 7 potions of enlightenment
Miscellaneous
 a - a phantom mirror
 l - a condenser vane
 q - a phial of floods
 u - a sack of spiders
 C - a Gell's gravitambourine (2/2)
 R - a lightning rod (4/4)


   Skills:
 + Level 18.6 Fighting
 + Level 15.5 Dodging
 - Level 5.0 Stealth
 - Level 16.0 Spellcasting
 + Level 18.5 Conjurations
 - Level 14.0 Summonings
 - Level 8.0 Necromancy
 + Level 14.7 Translocations
 - Level 6.0 Air Magic
 - Level 23.0 Earth Magic
 - Level 1.0 Alchemy
 - Level 14.0 Evocations


You couldn't memorise any spells.
You knew the following spells:

 Your Spells              Type           Power      Damage    Failure   Level
a - Stone Arrow           Conj/Erth      100%       3d13      0%          3
b - Borgnjor's Vile Clut  Necr/Erth      53%        N/A       1%          5
c - Spellforged Servitor  Conj/Summ      43%        N/A       1%          7
d - Orb of Destruction    Conj           46%        9d12      1%          7
e - Iskenderun's Mystic   Conj/Tloc      88%        2d17      (+2d90%     4
f - Blink                 Tloc           100%       N/A       0%          2
g - Lehudib's Crystal Sp  Conj/Erth      60%        10d14     1%          8
h - Shatter               Erth           62%        3d46*     1%          9
i - Dispersal             Tloc           41%        N/A       1%          6
j - Apportation           Tloc           100%       N/A       0%          1
k - Passwall              Erth           100%       N/A       0%          3

Your spell library contained the following spells:

 Spells                   Type           Power      Damage    Failure   Level
 Polar Vortex             Ice            11%        12d1*     99%         9
 Kiss of Death            Conj/Necr      100%       2d13      0%          1
 Magic Dart               Conj           100%       1d8       0%          1
 Summon Small Mammal      Summ           100%       N/A       0%          1
 Call Imp                 Summ           100%       N/A       0%          2
 Lesser Beckoning         Tloc           100%       N/A       0%          2
 Momentum Strike          Conj/Tloc      100%       3d10      0%          2
 Static Discharge         Conj/Air       100%       3-8/arc   0%          2
 Maxwell's Portable Pile  Tloc           83%        2d(13-38) 0%          3
 Teleport Other           Tloc           83%        N/A       0%          3
 Brom's Barrelling Bould  Conj/Erth      100%       2d11      0%          4
 Iskenderun's Battlesphe  Conj           92%        2d14      0%          5
 Lee's Rapid Deconstruct  Erth           62%        3d29*     0%          5
 Necrotise                Necr           100%       1d9       1%          1
 Sting                    Conj/Alch      100%       1d9       1%          1
 Cigotuvi's Dreadful Rot  Necr/Alch/Air  100%       N/A       1%          2
 Ensorcelled Hibernation  Hex/Ice        46%        N/A       1%          2
 Jinxbite                 Hex            46%        N/A       1%          2
 Scorch                   Fire           46%        2d6       1%          2
 Sublimation of Blood     Necr           62%        N/A       1%          2
 Dazzling Flash           Conj/Hex       100%       N/A       1%          3
 Frozen Ramparts          Ice            46%        1d7       1%          3
 Fugue of the Fallen      Necr           62%        N/A       1%          3
 Hailstorm                Conj/Ice       67%        3d12      1%          3
 Summon Ice Beast         Ice/Summ       59%        N/A       1%          3
 Vampiric Draining        Necr           62%        2d10      1%          3
 Volatile Blastmotes      Fire/Tloc      100%       2d18      1%          3
 Airstrike                Air            27%        2d(4-20)  1%          4
 Anguish                  Hex/Necr       23%        N/A       1%          4
 Dispel Undead            Necr           62%        3d22      1%          4
 Ignite Poison            Fire/Alch      26%        N/A       1%          4
 Leda's Liquefaction      Alch/Erth      47%        N/A       1%          4
 Martyr's Knell           Necr/Summ      72%        N/A       1%          4
 Petrify                  Alch/Erth      95%        N/A       1%          4
 Summon Lightning Spire   Summ/Air       69%        N/A       1%          4
 Vhi's Electric Charge    Tloc/Air       100%       N/A       1%          4
 Arcjolt                  Conj/Air       38%        1d48      1%          5
 Curse of Agony           Necr           62%        N/A       1%          5
 Fireball                 Conj/Fire      33%        3d14      1%          5
 Freezing Cloud           Conj/Ice/Air   31%        6-21      1%          5
 Irradiate                Conj/Alch      34%        3d23      1%          5
 Summon Mana Viper        Hex/Summ       59%        N/A       1%          5
 Bombard                  Conj/Erth      60%        9d10      1%          6
 Conjure Ball Lightning   Conj/Air       38%        3x3d12    1%          6
 Gell's Gavotte           Tloc           41%        2d(30-44) 1%          6
 Permafrost Eruption      Ice/Erth       47%        2x4d11    1%          6
 Starburst                Conj/Fire      33%        6d10      1%          6
 Manifold Assault         Tloc           41%        N/A       1%          7
 Ozocubu's Armour         Ice            23%        N/A       2%          3
 Sigil of Binding         Hex            23%        N/A       2%          3
 Monstrous Menagerie      Summ           40%        N/A       2%          7
 Yara's Violent Unravell  Hex/Alch       13%        3d7       4%          5
 Death Channel            Necr           31%        N/A       4%          6
 Silence                  Hex/Air        20%        N/A       6%          5
 Haunt                    Necr/Summ      36%        N/A       8%          7
 Cause Fear               Hex            11%        N/A       9%          4
 Disjunction              Tloc           41%        N/A       12%         8
 Alistair's Intoxication  Alch           19%        N/A       16%         5
 Metabolic Englaciation   Hex/Ice        11%        N/A       22%         5
 Maxwell's Capacitive Co  Air            27%        ∞         63%         8
 Sculpt Simulacrum        Ice/Alch       13%        N/A       65%         6
 Chain Lightning          Conj/Air       38%        3d50      69%         9
 Ozocubu's Refrigeration  Ice            11%        4d10      75%         7
 Borgnjor's Revivificati  Necr           31%        N/A       86%         8
 Dragon's Call            Summ           40%        N/A       92%         9
 Fire Storm               Conj/Fire      33%        8d9       95%         9
 Death's Door             Necr           31%        N/A       100%        9
 Animate Armour           Summ/Erth      Unusable   N/A       N/A         4

Dungeon Overview and Level Annotations

Branches:
Dungeon (15/15) Zot: 22365  Temple (1/1) D:5 Zot: 5981    Lair (5/5) D:10 Zot: 17399
  Swamp (4/4) Lair:2 Zot: 18546   Snake (4/4) Lair:3 Zot: 14441   Slime (0/5) Lair:4
    Orc (2/2) D:11 Zot: 8872     Elf (3/3) Orc:2 Zot: 11793  Vaults (5/5) D:13 Zot: 20494
  Crypt (0/3) Vaults:2     Depths (4/4) D:15 Zot: 17178     Zot (3/5) Depths:4 Zot: 16842
  Sewer (visited)           IceCv (visited)         Gauntlet (visited)

Altars:
Ashenzari
Cheibriados
Dithmenos
Elyvilon
Fedhas
Gozag
Hepliaklqana
Kikubaaqudgha
Makhleb
Nemelex Xobeh
Okawaru
Qazlal
Ru
Sif Muna
Trog
Uskayaw
Vehumet
Wu Jian
Xom
Yredelemnul
Zin
The Shining One
Beogh
Jiyva

Shops:
D:2 ([   D:10 [   D:13 =   Orc:2 ?[((   Elf:1 (   Snake:1 [   Snake:3 ==
Snake:4 :?   Vaults:3 *   Depths:1 *

Portals:
Hell: Depths:1 Depths:2* Depths:3 Depths:4
Abyss: Depths:3
Pandemonium: Depths:1 Depths:2
Ziggurat: Depths:2

Annotations:
Lair:3 exclusion: 3 doors
Snake:2 exclusion: downstairs
Elf:2 3 runed translucent doors, exclusion: 3 doors


Innate Abilities, Weirdness & Mutations

You can breathe torrents of mud.
You are unimpeded by mud.
Your dull iron-grey scales are very hard. (AC +17)
You are amphibious.
You cannot fit into any form of body armour.
You are cold-blooded and may be slowed by cold attacks.


Message History

The bolt of negative energy hits you! You partially resist.
You feel drained.
* * * LOW HITPOINT WARNING * * *
The protean progenitor touches you.
* * * LOW HITPOINT WARNING * * *
The curse toe calls on the powers of darkness!
Your body is wracked with pain!
* * * LOW HITPOINT WARNING * * *
The protean progenitor convulses!
The shadow dragon convulses! x3
You see here a ghost moth corpse.
You take 32 damage, and have 39/212 hp.
Blink to where?
Press: ? - help, Dir - move target
Found six items.
As you read the scroll of blinking, it crumbles to dust.
The curse toe calls on the powers of darkness!
The protean progenitor convulses!
Your body is wracked with pain!
* * * LOW HITPOINT WARNING * * *
You take 14 damage, and have 25/212 hp.
The curse toe gestures.
Send 'em back where they came from!
Your spellforged servitor disappears in a puff of smoke!
You climb downwards.
The quicksilver dragon roars deafeningly!
The storm dragon roars deafeningly!
The quicksilver dragon breathes dispelling energy at you.
The bolt of dispelling energy misses you.
You hear a deafening roar!
There is a stone staircase leading up here.
You feel much better.
The quicksilver dragon breathes dispelling energy at you.
The bolt of dispelling energy hits you!
You feel strangely stable.
* * * LOW HITPOINT WARNING * * *
A quicksilver dragon comes into view.
You regained 8 hp, and now have 34/212 hp.
You climb upwards.
The protean progenitor casts a spell.
The protean progenitor erupts in a fountain of uncontrolled magic!
You are blasted with magical radiation!!!
You die...

* ******** *****,**,*,*
,,,,,,,,,,÷*#########*******
,,,,..,,...##[.[.[.[##,,,,,**
,,ß,,.#,,..#........[#,,,,,,** ##
,,,,,*.#,..#........[#*,,,,,,* #.
,,,,>,,D....$...@C...#*,,,,,,* #.
,,,*,ß,*.#.#.........#*,,,,,,* #.
,,,,,,*,,D÷#.........#*,,,,,** #.
,*,*,*,**#.##.#.#.#'##*,,,,** #.
,,,,,,,*##.......z...#**'''** #.
,*,*,*,*#..D.........#,,,,,,* ##.
÷,,,,,÷*#.>†.....##...,,ß,,,**#'.
****'**##.D.......#..#',,,ß,,*##.
**,,,,...^..#..##.....',,,,,,*#..


You could see 2 shadow dragons, a curse toe and a protean progenitor.

Vanquished Creatures
  Frederick (Vaults:4)
  A dread lich (Vaults:5)
  3 ancient liches
  A juggernaut (Depths:4)
  4 caustic shrikes (Depths:4)
  4 golden dragons
  A profane servitor (Abyss:3)
  A bone dragon (Abyss:1)
  Norris (Vaults:4)
  An electric golem (Zot:2)
  A hellephant (Abyss:3)
  Jorgrun (D:14)
  6 tentacled monstrosities
  2 deep elf blademasters (Elf:3)
  2 quicksilver dragons
  3 liches
  3 titans (Vaults:5)
  3 walking divine tomes (Depths:4)
  5 sphinxes
  The ghost of particleface the Bludgeoner, an adept CoBe of Trog (Snake:4)
  A tengu reaver (D:12)
  3 tentacled starspawn (Abyss:3)
  Kirke (Lair:3)
  5 shadow dragons
  4 storm dragons
  Roxanne (Swamp:2)
  2 draconian monks (Zot:2)
  A protean progenitor (Zot:1)
  Donald (Elf:3)
  4 fire giants
  The ghost of Chish the Impaler, an adept FoFi of Hepliaklqana (D:13)
  2 nagarajas
  A draconian shifter (Depths:4)
  12 vault wardens
  6 frost giants
  A balrug (Depths:1)
  5 deep elf sorcerers
  3 deep elf elementalists (Elf:3)
  An orc warlord (Orc:2)
  2 ghost moths (Zot:2)
  2 iron dragons (Vaults:5)
  A draconian scorcher (Zot:2)
  14 very ugly things
  10 stone giants
  A formless jellyfish (Vaults:1)
  21 ironbound preservers
  5 ironbound thunderhulks
  2 vampire knights
  7 deep elf annihilators
  4 deep elf demonologists
  2 black draconians
  A bunyip (Swamp:4)
  The ghost of TheSexyCheese the Arsonist, a journeyman OpFE of Gozag (Lair:3)
  A yellow draconian (Zot:2)
  3 eleionomae
  A white draconian (Zot:2)
  2 minotaurs
  An eidolon (Abyss:3)
  Snorg (D:10)
  A war gargoyle (Vaults:5)
  2 red draconians (Zot:2)
  6 ettins
  8 dire elephants
  2 purple draconians
  4 spark wasps (Depths:3)
  2 blizzard demons
  6 fire dragons
  5 deep elf high priests
  The ghost of croobank the Nimble, a journeyman HuSu of Kikubaaqudgha (D:12)
  A merfolk javelineer (Depths:2)
  3 entropy weavers
  15 yaktaur captains
  6 rakshasas
  6 hydras
  A merfolk impaler (Abyss:3)
  3 jiangshi (Depths:4)
  Fannar (D:11)
  4 salamander tyrants (Snake:4)
  4 great orbs of eyes
  Erolcha (D:10)
  Harold (D:11)
  A peacekeeper (Elf:1)
  5 ice dragons
  7 spriggan air magi
  A catoblepas (D:13)
  21 centaur warriors
  37 vault guards
  2 death knights
  4 ironbound frosthearts
  6 anacondas
  8 alligators
  A ghost crab (Swamp:3)
  2 anacondas (shapeshifter)
  A hell beast (Gauntlet)
  The ghost of Eugor the Thaumaturge, a journeyman DECj of Vehumet (Orc:2)
  Erica (D:11)
  9 deep troll shamans
  4 ogre magi
  8 tengu warriors
  A two-headed ogre (shapeshifter) (Vaults:2)
  A demonic crawler (Abyss:3)
  9 boulder beetles
  5 death yaks
  13 two-headed ogres
  6 dancing weapons
  The ghost of zenocrate the Martial Artist, a journeyman OpEE of Gozag (D:10)
  4 vampire magi
  9 naga warriors
  3 orc high priests
  11 naga sharpshooters
  8 deep troll earth magi
  4 hell hogs
  2 thrashing horrors (Abyss:3)
  5 occultists (Depths:3)
  A storm dragon zombie (Depths:1)
  5 spriggan berserkers
  5 hell knights
  2 sun demons
  3 deep elf knights
  9 shock serpents
  4 skeletal warriors
  2 wretched stars (Abyss:3)
  3 skysharks
  11 iron trolls
  2 goliath frogs (Swamp:2)
  70 deep trolls
  A shadow wraith (Vaults:3)
  2 glowing orange brains
  9 salamander mystics
  Lodul (D:10)
  4 naga ritualists
  An anaconda zombie (Abyss:1)
  3 spriggan druids
  A shadow demon (Depths:2)
  A bog body (Swamp:2)
  2 deep elf archers
  4 thermic dynamos (Elf:3)
  2 flayed ghosts
  4 mana vipers
  8 arcanists
  A sun moth (shapeshifter) (Vaults:2)
  7 necromancers
  7 orc knights
  14 ironbound convokers
  4 lindwurms
  2 swamp dragons
  Pikel (D:6)
  6 lightning spires (Abyss:3)
  16 deep elf pyromancers
  9 deep elf zephyrmancers
  4 phantasmal warriors
  39 ugly things
  4 wolf spiders
  2 obsidian bats
  3 manticores
  4 worldbinders
  A shining eye (Depths:2)
  6 large abominations
  A will-o-the-wisp (Swamp:4)
  An oklob plant (Lair:4)
  12 cyclopes
  2 moths of wrath (Zot:2)
  4 orc sorcerers
  6 elephants
  10 salamanders
  4 meliai
  2 apocalypse crabs
  7 naga magi
  A water nymph (shapeshifter) (Vaults:5)
  23 black mambas
  3 eyes of devastation (Depths:2)
  Joseph (D:8)
  9 vault sentinels
  8 kobold blastminers
  5 guardian serpents
  A black mamba (shapeshifter) (D:10)
  An orange demon (Abyss:1)
  3 smoke demons (Abyss:3)
  3 gargoyles
  2 hellions
  A dire elephant skeleton (Abyss:1)
  5 torpor snails
  2 unseen horrors (Abyss:1)
  A rime drake (IceCv)
  6 komodo dragons
  5 cane toads
  21 yaktaurs
  3 ancient zymes (Abyss:1)
  3 efreet
  7 freezing wraiths
  8 tengu conjurers
  Psyche (D:8)
  A queen bee (Lair:2)
  A spriggan skeleton (Depths:1)
  2 guardian mummies (D:11)
  4 polar bears
  A wolf spider simulacrum (D:10)
  8 trolls
  9 tyrant leeches
  A harpy skeleton (Abyss:3)
  A tarantella (Vaults:2)
  A hornet (shapeshifter) (D:15)
  3 glass eyes
  16 raiju
  8 hornets
  2 spriggan zombies
  11 blink frogs
  2 shadows
  Sigmund (D:5)
  3 centaur simulacra
  3 vampires
  An air elemental (Elf:1)
  2 ynoxinuls (Abyss:3)
  5 spriggans
  A wyvern (shapeshifter) (D:13)
  26 slime creatures
  A wraith (D:12)
  10 water elementals
  4 wyverns
  2 basilisks
  2 hogs (Lair:3)
  44 yaks
  3 wargs
  23 starcursed masses
  6 neqoxecs
  5 redbacks
  3 swamp worm simulacra (Swamp:4)
  5 steam dragons
  2 chaos spawn
  12 swamp worms
  A swamp worm (shapeshifter) (Vaults:5)
  9 acid dragons
  An ogre zombie (Vaults:3)
  7 hydra simulacra (Swamp:4)
  A hell hound (Abyss:3)
  25 nagas
  10 water moccasins
  29 orc warriors
  A swamp drake (Lair:5)
  An ogre skeleton (Vaults:3)
  4 nameless horrors
  2 ice beasts
  5 laughing skulls (D:15)
  2 sky beasts
  15 ogres
  7 small abominations
  2 black bears (D:10)
  8 wolves
  9 boggarts
  11 centaurs
  3 weeping skulls (Abyss:1)
  A human zombie (Vaults:3)
  A lemure (D:5)
  Blork the orc (D:6)
  17 bullfrogs
  9 kobold brigands
  2 brain worms (Abyss:1)
  2 scorpions
  3 earth elementals
  A gnoll sergeant (D:8)
  9 wights
  15 killer bees
  7 howler monkeys
  2 electric eels
  A lava snake (Snake:3)
  3 hounds
  5 jellies
  15 orc priests
  2 bombardier beetles
  2 quasits
  2 gnoll boudas
  6 iguanas
  3 iron imps
  31 orc wizards
  Natasha (thrice) (D:3)
  Terence (D:3)
  12 gnolls
  4 adders
  4 river rats (Sewer)
  2 shadow imps
  3 white imps
  5 ufetubi
  2 swamp drake simulacra (Swamp:4)
  A dart slug (D:3)
  A ribbon worm (D:2)
  71 orcs
  16 ball pythons
  9 bats
  9 endoplasms
  2 giant cockroaches
  8 goblins
  5 hobgoblins
  3 jackals (D:4)
  20 kobolds
  3 quokkas
  4 frilled lizards
  16 rats
  A starspawn tentacle (Abyss:3)
1661 creatures vanquished.

Vanquished Creatures (collateral kills)
  A juggernaut (Depths:4)
  Bai Suzhen (Elf:3)
  A golden dragon (Zot:3)
  3 bone dragons
  2 tentacled monstrosities (Zot:2)
  Rupert (Lair:4)
  Mlioglotl (Swamp:3)
  A deep elf master archer (Elf:3)
  2 death cobs (Zot:2)
  A walking divine tome (Depths:4)
  A quicksilver dragon (Zot:2)
  2 sphinxes
  2 shadow dragons (Zot:2)
  2 tengu reavers
  A tentacled starspawn (Abyss:1)
  A fenstrider witch (Swamp:4)
  A nagaraja (Snake:3)
  A frost giant (Vaults:5)
  6 deep elf sorcerers
  A draconian scorcher (Zot:2)
  A ghost moth (Zot:3)
  An iron dragon (Depths:2)
  A deep elf elementalist (Elf:3)
  An orc warlord (Vaults:4)
  A formless jellyfish (Vaults:2)
  A draconian annihilator (Depths:4)
  4 ironbound preservers
  A very ugly thing (Abyss:3)
  5 ironbound thunderhulks
  3 stone giants
  3 deep elf annihilators (Elf:3)
  A deep elf demonologist (Elf:3)
  3 eleionomae
  3 black draconians
  3 deep elf death magi
  7 dire elephants
  A war gargoyle (Vaults:2)
  4 bunyips
  5 ettins
  A blizzard demon (Abyss:3)
  3 yaktaur captains
  An entropy weaver (Vaults:4)
  4 great orbs of eyes
  2 salamander tyrants
  7 hydras
  6 ice dragons
  2 vault guards
  2 alligators
  2 rakshasas
  5 anacondas
  2 ironbound frosthearts (Vaults:3)
  2 spriggan air magi
  A centaur warrior (Vaults:1)
  A deep troll shaman (D:15)
  A two-headed ogre (Orc:2)
  2 dancing weapons (Elf:3)
  2 death yaks
  5 tengu warriors
  4 deep troll earth magi
  3 boulder beetles
  4 naga sharpshooters
  2 orc high priests
  An occultist (Depths:1)
  2 thrashing horrors (Abyss:3)
  5 naga warriors
  2 shock serpents (Snake:2)
  6 wretched stars
  A sun demon (Depths:1)
  A hell knight (Depths:4)
  A salamander mystic (Snake:3)
  3 deep elf knights
  5 spriggans
  2 sixfirhies (Abyss:1)
  5 iron trolls
  2 skysharks (Vaults:4)
  2 skeletal warriors (D:15)
  A deep troll (Vaults:1)
  3 orb spiders (Zot:1)
  A flayed ghost (Abyss:3)
  2 goliath frogs
  A bog body (Swamp:3)
  2 naga ritualists
  An arcanist (Vaults:4)
  A mana viper (Snake:3)
  2 ironbound convokers
  5 deep elf zephyrmancers
  3 lindwurms
  An obsidian bat (Abyss:1)
  2 deep elf archers
  2 phantasmal warriors
  10 deep elf pyromancers
  A tengu skeleton (Vaults:3)
  9 ugly things
  A starcursed mass (Abyss:3)
  9 elephants
  4 moths of wrath
  8 large abominations
  A meliai (shapeshifter) (Abyss:3)
  A fire giant skeleton (Vaults:3)
  A guardian serpent (Abyss:1)
  8 salamanders
  12 black mambas
  A kobold blastminer (Orc:2)
  3 vault sentinels
  4 naga magi
  An orange demon (Abyss:1)
  A torpor snail (Lair:5)
  3 cane toads
  3 smoke demons (Abyss:3)
  A centaur skeleton (Abyss:3)
  2 efreet
  A water nymph (shapeshifter) (Depths:2)
  A gargoyle (D:13)
  A dire elephant skeleton (Abyss:1)
  A rime drake (Lair:5)
  3 yaktaurs
  5 ancient zymes
  2 komodo dragons
  3 freezing wraiths
  A troll (shapeshifter) (D:13)
  A hellwing (Abyss:3)
  A polar bear (Lair:4)
  4 tyrant leeches
  2 saltlings (Elf:1)
  7 hornets
  3 raiju
  7 blink frogs
  A ynoxinul (Abyss:3)
  20 slime creatures
  2 air elementals (Elf:3)
  11 small abominations
  6 water elementals
  22 yaks
  A fire elemental (Elf:3)
  A steam dragon (Lair:5)
  A fire bat (Abyss:1)
  A golden eye (shapeshifter) (Vaults:5)
  A basilisk (Lair:5)
  3 chaos spawn
  7 swamp worms
  16 nagas
  An acid dragon (D:13)
  3 water moccasins
  A hell hound (Gauntlet)
  6 hydra simulacra (Swamp:4)
  3 nameless horrors
  6 swamp drakes
  5 orc warriors
  An ice beast (shapeshifter) (Abyss:3)
  An ogre (Orc:2)
  A black bear (Lair:3)
  A boggart (Vaults:2)
  5 wolves
  2 centaurs (D:14)
  A weeping skull (Abyss:1)
  2 bullfrogs (Lair:4)
  13 killer bees (Lair:2)
  A quasit (Abyss:3)
  4 orc priests (Orc:2)
  2 iguanas (Lair:5)
  2 orc wizards (Orc:2)
  2 white imps (Abyss:3)
  2 ufetubi (Abyss:3)
  3 swamp drake simulacra (Swamp:4)
  10 orcs
  A lurking horror (Abyss:1)
  3 starspawn tentacles
512 creatures vanquished.

Vanquished Creatures (others)
  A deep elf high priest (Elf:3)
  3 humans (Lair:3)
  An acid dragon (D:13)
  A water moccasin (Lair:3)
  An orc (Orc:2)
  2 foxfires (Lair:3)
  10 starspawn tentacles
19 creatures vanquished.

Grand Total: 2192 creatures vanquished

Notes
Turn   | Place    | Note
-------+----------+-------------------------------------------
     0 | D:1      | 910rd the Draconian Wanderer began the quest for the Orb.
     0 | D:1      | 910rd set off with the following items: a +0 club, a scroll
                  | of teleportation, a potion of curing; and the following
                  | spells available to memorise: Apportation, Blink, Sting,
                  | Stone Arrow, Iskenderun's Mystic Blast.
     0 | D:1      | Reached XP level 1. HP: 16/16 MP: 6/6
     2 | D:1      | Learned a level 1 spell: Sting
   184 | D:1      | Reached skill level 1 in Conjurations
   184 | D:1      | Reached skill level 1 in Alchemy
   187 | D:1      | Reached XP level 2. HP: 23/23 MP: 2/8
   539 | D:1      | Found a faded altar of an unknown god.
   844 | D:2      | Reached XP level 3. HP: 29/30 MP: 4/9
  1057 | D:2      | Found Oschuxt's Antique Weapon Shop.
  1128 | D:2      | Found Gurhees's Armour Boutique.
  1647 | D:2      | Reached XP level 4. HP: 38/38 MP: 6/11
  1854 | D:3      | Found an opulent altar of Gozag.
  1962 | D:3      | Found a glowing drain.
  1963 | D:3      | Noticed Natasha
  1976 | D:3      | Killed Natasha
  1987 | D:3      | Noticed Natasha
  2002 | Sewer    | Entered a sewer
  2062 | Sewer    | Reached XP level 5. HP: 45/45 MP: 8/12
  2253 | Sewer    | Reached skill level 1 in Earth Magic
  2354 | Sewer    | Reached skill level 2 in Earth Magic
  2354 | Sewer    | Reached XP level 6. HP: 39/51 MP: 9/13
  2478 | Sewer    | Reached skill level 3 in Earth Magic
  2496 | Sewer    | Learned a level 3 spell: Stone Arrow
  2863 | Sewer    | Reached skill level 4 in Earth Magic
  2863 | Sewer    | Your scales start taking on a dull iron-grey colour.
  2863 | Sewer    | Reached XP level 7. HP: 24/57 MP: 10/14
  2868 | Sewer    | Reached skill level 5 in Earth Magic
  2881 | Sewer    | 910rd: !tiamat
  2881 | Sewer    | beem: 910rd is not a tiamat player. Unwon draconians:
                  | Black, Yellow, White, Pale, Green, Grey
  3212 | D:3      | Killed Natasha
  3256 | D:3      | Noticed Natasha
  3260 | D:3      | Killed Natasha
  3261 | D:3      | Reached skill level 5 in Conjurations
  3292 | D:3      | Got the Codex of the Sanguinolent Winter
  3369 | D:3      | Found a hide-covered altar of Uskayaw.
  3541 | D:3      | Found a bloodstained altar of Trog.
  3542 | D:3      | Noticed Terence
  3733 | D:4      | Found a blossoming altar of Fedhas.
  4338 | D:4      | Found a basalt altar of Yredelemnul.
  4550 | D:4      | Reached XP level 8. HP: 57/63 MP: 9/15
  4810 | D:5      | Entered Level 5 of the Dungeon
  4910 | D:5      | Reached skill level 5 in Translocations
  5472 | D:5      | Learned a level 2 spell: Blink
  5567 | D:5      | Reached skill level 1 in Dodging
  5600 | D:5      | Noticed Sigmund
  5619 | D:5      | Killed Sigmund
  5691 | D:5      | Found a staircase to the Ecumenical Temple.
  5706 | Temple   | Entered the Ecumenical Temple
  5715 | Temple   | Became a worshipper of Vehumet
  6053 | D:3      | Killed Terence
  6134 | D:6      | Noticed Pikel
  6285 | D:6      | Learned a level 4 spell: Iskenderun's Mystic Blast
  6434 | D:6      | Noticed Blork the orc
  6442 | D:6      | Killed Blork the orc
  6706 | D:6      | Reached XP level 9. HP: 69/69 MP: 8/17
  7509 | D:6      | Killed Pikel
  7740 | D:7      | Reached * piety under Vehumet
  7740 | D:7      | Offered knowledge of Foxfire by Vehumet.
  7852 | D:7      | Found a stormy altar of Qazlal.
  8308 | D:8      | Reached skill level 10 in Conjurations
  8819 | D:8      | Reached XP level 10. HP: 77/77 MP: 14/19
  8854 | D:8      | Noticed Maggie
  8857 | D:8      | Maggie changed into Maggie the acid dragon
  8857 | D:8      | Noticed Maggie
  8860 | D:8      | Killed Maggie the acid dragon
  9056 | D:8      | Noticed Joseph
  9059 | D:8      | Killed Joseph
  9552 | D:8      | Found the +8 demon blade "Leech" {evervamp, Harm ^Drain
                  | rN+}
  9554 | D:8      | Offered knowledge of Searing Ray by Vehumet.
  9600 | D:8      | Noticed Psyche
  9604 | D:8      | Killed Psyche
  9605 | D:8      | Reached skill level 6 in Earth Magic
  9675 | D:8      | Noticed a two-headed ogre
  9678 | D:8      | Killed a two-headed ogre
  9678 | D:8      | Reached ** piety under Vehumet
  9679 | D:8      | Reached skill level 7 in Earth Magic
  9839 | D:8      | Reached skill level 8 in Earth Magic
 10460 | D:9      | Reached skill level 1 in Evocations
 11068 | D:9      | Noticed a gargoyle
 11071 | D:9      | Killed a gargoyle
 11300 | D:9      | Found a white marble altar of Elyvilon.
 11362 | D:9      | Reached XP level 11. HP: 81/85 MP: 8/20
 11695 | D:10     | Entered Level 10 of the Dungeon
 11712 | D:10     | Reached skill level 5 in Fighting
 11717 | D:10     | Offered knowledge of Scorch by Vehumet.
 11786 | D:10     | Reached skill level 1 in Necromancy
 11844 | D:10     | Noticed Lodul
 12015 | D:10     | Found a staircase to the Lair.
 12016 | D:10     | Noticed Snorg
 12022 | D:10     | Killed Snorg
 12156 | D:10     | Noticed a lich
 12156 | D:10     | Noticed zenocrate's ghost (journeyman OpEE)
 12157 | D:10     | Noticed an orc knight
 12157 | D:10     | Noticed a skeletal warrior
 12194 | D:10     | Found a runed translucent door.
 12194 | D:10     | Noticed a necromancer
 12205 | D:10     | Found a runed translucent door.
 12233 | D:10     | You fall into a shaft and drop 2 floors!
 12235 | D:12     | Noticed a two-headed ogre
 12256 | D:11     | Noticed Erica
 12278 | D:11     | Killed Erica
 12278 | D:11     | Noticed Fannar
 12303 | D:11     | Found a staircase to the Orcish Mines.
 12309 | D:11     | Noticed Sonja
 12353 | D:11     | Noticed Harold
 12378 | D:10     | Noticed Erolcha
 12383 | D:10     | Killed Erolcha
 12384 | D:10     | Reached skill level 5 in Necromancy
 12634 | D:10     | Reached *** piety under Vehumet
 12637 | D:10     | Killed Lodul
 12843 | D:10     | Learned a level 5 spell: Borgnjor's Vile Clutch
 12881 | D:10     | Found Eteickua's Antique Armour Emporium.
 13438 | D:10     | Noticed a two-headed ogre
 13441 | D:10     | Killed a two-headed ogre
 13442 | D:10     | Reached skill level 9 in Earth Magic
 13591 | Lair:1   | Entered Level 1 of the Lair of Beasts
 13908 | D:11     | Offered knowledge of Inner Flame by Vehumet.
 14190 | D:11     | Killed Harold
 14294 | D:11     | Killed Fannar
 14295 | D:11     | Reached XP level 12. HP: 96/96 MP: 10/21
 14297 | D:11     | Sonja changed into Sonja the ogre
 14297 | D:11     | Noticed Sonja
 14370 | D:11     | Killed Sonja the ogre
 14371 | D:11     | Reached skill level 5 in Dodging
 14677 | D:11     | Found a portal to a secret trove of treasure.
 14801 | D:12     | Noticed a two-headed ogre
 14812 | D:11     | Killed a two-headed ogre
 15475 | Lair:1   | Reached skill level 1 in Air Magic
 15655 | Lair:1   | Learned a level 4 spell: Summon Lightning Spire
 15978 | Lair:1   | Reached **** piety under Vehumet
 16063 | Lair:1   | Reached skill level 5 in Air Magic
 16065 | Lair:1   | Reached skill level 1 in Summonings
 16066 | Lair:1   | Offered knowledge of Freezing Cloud by Vehumet.
 16399 | Lair:1   | Reached skill level 5 in Summonings
 17046 | Lair:1   | Reached XP level 13. HP: 102/102 MP: 15/25
 17375 | D:2      | Bought a +0 pair of boots for 63 gold pieces
 17899 | Lair:2   | Reached skill level 10 in Earth Magic
 17986 | Lair:2   | Reached ***** piety under Vehumet
 18056 | Lair:2   | Found a staircase to the Swamp.
 18081 | Lair:2   | Offered knowledge of Eringya's Noxious Bog by Vehumet.
 18608 | Lair:1   | Reached skill level 5 in Evocations
 19624 | Lair:3   | Found a gate leading to a gauntlet.
 19664 | Gauntlet | Entered a Gauntlet
 19664 | Gauntlet | Found a transporter.
 19664 | Gauntlet | Found a transporter.
 19668 | Gauntlet | Found a transporter.
 19668 | Gauntlet | Found a transporter.
 19677 | Gauntlet | Found a transporter.
 19693 | Gauntlet | Noticed a quicksilver ooze
 19698 | Gauntlet | Found a transporter.
 19706 | Gauntlet | Found a transporter.
 19706 | Gauntlet | Found a transporter.
 19710 | Gauntlet | Found a transporter.
 19716 | Gauntlet | Noticed a reaper
 19737 | Gauntlet | Found a transporter.
 19744 | Gauntlet | Found a transporter.
 19762 | Gauntlet | Found a transporter.
 19808 | Gauntlet | Found a transporter.
 19822 | Gauntlet | Found a transporter.
 19923 | Gauntlet | Found a transporter.
 19934 | Gauntlet | Noticed a blizzard demon
 19939 | Gauntlet | Found a transporter.
 20218 | Gauntlet | Identified the +1 hat "Kuoll" {Harm rF+ Will+ Str-2}
 20291 | Gauntlet | Identified the +1 cloak "Fiorhaom" {Harm Fly rC-}
 20384 | Gauntlet | Noticed a minotaur
 20395 | Gauntlet | Killed a minotaur
 20502 | Gauntlet | Identified the ring "Xusoupn" {+Blink rC+++ rCorr Str+6
                  | Stlth-}
 20503 | Gauntlet | Got the Information on Argyropoeia
 20898 | Lair:3   | Noticed Kirke
 20923 | Lair:3   | Killed Kirke
 21112 | Lair:3   | Found a runed translucent gate.
 21112 | Lair:3   | Found a runed translucent gate.
 21112 | Lair:3   | Found a runed translucent gate.
 21117 | Lair:3   | Noticed a minotaur
 21118 | Lair:3   | Noticed TheSexyCheese's ghost (journeyman OpFE)
 21304 | Lair:3   | Reached skill level 11 in Earth Magic
 22196 | Lair:3   | Found a staircase to the Snake Pit.
 22456 | Lair:4   | Found a staircase to the Slime Pits.
 22456 | Lair:4   | Found a viscous altar of Jiyva.
 22631 | Lair:4   | Reached skill level 12 in Earth Magic
 22638 | Lair:4   | Learned a level 6 spell: Bombard
 22989 | Lair:4   | Reached XP level 14. HP: 111/111 MP: 13/26
 23059 | Lair:4   | You fall into a shaft and drop 1 floor!
 23059 | Lair:5   | Entered Level 5 of the Lair of Beasts
 23068 | Lair:5   | Paralysed by a hornet for 1 turns
 23904 | Lair:5   | Found a bloodstained altar of Trog.
 24581 | Lair:5   | Offered knowledge of Fireball by Vehumet.
 24694 | Lair:4   | Noticed Rupert
 24705 | Lair:4   | Killed Rupert
 24706 | Lair:4   | Reached skill level 10 in Spellcasting
 25575 | Lair:4   | Upgraded the game from 0.32-a0-814-g0968bab981 to
                  | 0.32-a0-818-gb728d0252e
 26561 | Lair:5   | Reached skill level 13 in Earth Magic
 27606 | Lair:5   | Learned a level 7 spell: Orb of Destruction
 27925 | Orc:1    | Entered Level 1 of the Orcish Mines
 27938 | D:11     | Upgraded the game from 0.32-a0-818-gb728d0252e to
                  | 0.32-a0-834-geaf45d8e21
 28624 | Orc:2    | Entered Level 2 of the Orcish Mines
 28804 | Orc:2    | Found a roughly hewn altar of Beogh.
 28997 | Orc:2    | Found a roughly hewn altar of Beogh.
 28997 | Orc:2    | Found Dyruopse's Weapon Boutique.
 29077 | Orc:2    | Found a runed translucent door.
 29080 | Orc:2    | Noticed Eugor's ghost (journeyman DECj)
 29144 | Orc:2    | Found a roughly hewn altar of Beogh.
 29145 | Orc:2    | Found Vuntoa's Magic Scroll Shoppe.
 29182 | Orc:2    | Bought a scroll of blinking for 97 gold pieces
 29209 | Orc:2    | Found a roughly hewn altar of Beogh.
 29306 | Orc:1    | Reached skill level 14 in Earth Magic
 29594 | Orc:2    | Offered knowledge of Ozocubu's Refrigeration by Vehumet.
 29744 | Orc:2    | Found a staircase to the Elven Halls.
 29745 | Orc:2    | Found a roughly hewn altar of Beogh.
 29754 | Orc:2    | Reached XP level 15. HP: 95/121 MP: 21/29
 29827 | Orc:2    | Reached skill level 15 in Conjurations
 29912 | Orc:2    | Found a roughly hewn altar of Beogh.
 30240 | Orc:2    | Reached skill level 15 in Earth Magic
 30807 | Orc:2    | Found Oczeiske's Antique Armour Emporium.
 30808 | Orc:2    | Found a roughly hewn altar of Beogh.
 30809 | Orc:2    | Found Beaklel's Antique Weapon Shoppe.
 30947 | D:11     | Upgraded the game from 0.32-a0-834-geaf45d8e21 to
                  | 0.32-a0-872-g59262bdc9b
 31104 | D:12     | Found a transporter.
 31109 | D:12     | Noticed croobank's ghost (journeyman HuSu)
 31111 | D:12     | Found a transporter.
 31112 | D:12     | Noticed a tengu reaver
 32000 | D:13     | Found a runed translucent door.
 32000 | D:13     | Noticed Chish's ghost (adept FoFi)
 32191 | D:13     | Reached skill level 16 in Earth Magic
 32516 | D:13     | Found the -2 hat of the Alchemist {rElec rPois rF+ rC+ rN+
                  | Will+ rMut rCorr}
 32528 | D:13     | Identified the staff of Evil {rC+ Will+ Ice}
 32821 | D:13     | Offered knowledge of Spellforged Servitor by Vehumet.
 32997 | D:12     | Learned a level 7 spell: Spellforged Servitor
 33114 | Lair:3   | Learned a level 8 spell: Lehudib's Crystal Spear
 33402 | D:13     | Found Sadeibus's Jewellery Boutique.
 34418 | D:13     | Found a gate to the Vaults.
 34698 | D:14     | Reached XP level 16. HP: 122/128 MP: 0/31
 35672 | D:14     | Noticed Jorgrun
 35676 | D:14     | Killed Jorgrun
 35990 | D:15     | Entered Level 15 of the Dungeon
 36301 | D:15     | Found an ornate altar of the Wu Jian Council.
 36406 | D:15     | Found a transporter.
 36667 | D:15     | Found a hide-covered altar of Uskayaw.
 36909 | D:15     | Found an ornate altar of the Wu Jian Council.
 36909 | D:15     | Found a transporter.
 36914 | D:15     | Reached skill level 17 in Earth Magic
 37110 | D:15     | Identified the ring "Enatet" {*Slow rElec rF- EV+5 Str+4}
 37159 | D:15     | Offered knowledge of Starburst by Vehumet.
 37246 | D:15     | Identified the ring "Eviwabie" {rElec rF+ Str+3 Int+3}
 37276 | D:15     | Upgraded the game from 0.32-a0-872-g59262bdc9b to
                  | 0.32-a0-876-gcfddb08e57
 37286 | D:15     | Found a staircase to the Depths.
 37305 | D:15     | Reached skill level 18 in Earth Magic
 37342 | D:15     | Noticed a tengu reaver
 37349 | D:15     | Killed a tengu reaver
 37358 | D:15     | Identified the ring "Fabegy" {rF++ AC+4 Str+4}
 37532 | D:15     | Reached skill level 10 in Summonings
 37592 | D:15     | Identified the ring of Vuepaab {rCorr Int+6 Stlth+}
 38027 | Elf:1    | Entered Level 1 of the Elven Halls
 38085 | Elf:1    | Identified the +7 flail of Awoac {freeze, Int+3}
 39013 | Elf:1    | Reached XP level 17. HP: 134/134 MP: 28/33
 39088 | Elf:1    | Reached skill level 19 in Earth Magic
 39405 | Elf:1    | Found Uroby's Weapon Boutique.
 40173 | Elf:2    | Offered knowledge of Plasma Beam by Vehumet.
 40332 | Elf:2    | Found a shimmering blue altar of Sif Muna.
 40466 | Elf:2    | Reached skill level 20 in Earth Magic
 40568 | Elf:2    | Upgraded the game from 0.32-a0-876-gcfddb08e57 to
                  | 0.32-a0-898-g7811c86cf0
 40965 | Elf:2    | Found a runed translucent gate.
 40965 | Elf:2    | Found a runed translucent gate.
 40965 | Elf:2    | Found a runed translucent gate.
 41120 | Elf:3    | Entered Level 3 of the Elven Halls
 41214 | Elf:3    | Identified the +5 helmet of the Modern Teeth {rC+++ Regen+
                  | Dex-5}
 41546 | Elf:3    | Found an ancient bone altar of Kikubaaqudgha.
 42002 | Elf:3    | Noticed Donald
 42008 | Elf:3    | Killed Donald
 42298 | Elf:3    | Noticed Bai Suzhen
 42310 | Elf:3    | Killed Bai Suzhen
 43116 | Elf:3    | Identified the +10 rapier "Cycekhe" {drain, rC+ rN+ Dex+3
                  | SInv}
 43126 | Elf:3    | Noticed a Hell Sentinel
 43243 | Elf:3    | Noticed a deep elf blademaster
 43246 | Elf:3    | Killed a deep elf blademaster
 43251 | Elf:3    | Noticed a deep elf blademaster
 43255 | Elf:3    | Killed a deep elf blademaster
 43600 | Elf:3    | Identified the +3 morningstar "Katoiv" {freeze, Will+}
 43600 | Elf:3    | Identified the ring "Koghis" {Wiz Str+6}
 43856 | Elf:3    | Identified the +4 dire flail "Hoahitacs" {freeze, Str+3
                  | Dex+4}
 44093 | Elf:3    | Noticed a deep elf master archer
 44099 | Elf:3    | Killed a deep elf master archer
 44179 | Elf:3    | Reached skill level 21 in Earth Magic
 44179 | Elf:3    | Reached XP level 18. HP: 135/145 MP: 22/34
 44292 | Elf:3    | Got the Tractate on the Bleak Sixfirhy
 44304 | Elf:3    | Identified the +5 shortbow of Responsibility {heavy, rPois
                  | rN+ Int-3}
 44365 | Elf:3    | Got Niugaepp's Folio of Metallic Ensorcelling
 44369 | Elf:3    | Identified the +0 plate armour of Freedom {Harm Will+++
                  | Regen+ Str-3}
 44370 | Elf:3    | Identified the +5 plate armour of Okawaru's Scorn {Fly
                  | Stlth+}
 44850 | Snake:1  | Entered Level 1 of the Snake Pit
 45242 | Swamp:1  | Entered Level 1 of the Swamp
 45276 | Swamp:1  | Offered knowledge of Ignition by Vehumet.
 46292 | Swamp:2  | Noticed Roxanne
 46312 | Swamp:2  | Killed Roxanne
 46806 | Swamp:3  | Noticed a tentacled monstrosity
 46810 | Swamp:3  | Killed a tentacled monstrosity
 46811 | Swamp:3  | Reached skill level 22 in Earth Magic
 47937 | Swamp:3  | Noticed Mlioglotl
 47941 | Swamp:3  | Killed Mlioglotl
 48305 | Swamp:4  | Entered Level 4 of the Swamp
 48328 | Swamp:4  | Reached skill level 23 in Earth Magic
 49446 | Swamp:4  | Noticed a tentacled monstrosity
 49451 | Swamp:4  | Killed a tentacled monstrosity
 50596 | Swamp:4  | Got a decaying rune of Zot
 51713 | Lair:4   | Identified a scroll of acquirement
 51848 | Snake:1  | Identified the +1 robe "Golisimn" {rPois rCorr}
 52126 | Snake:1  | Found Rufuurphy's Antique Armour Shop.
 52330 | Snake:2  | Reached skill level 10 in Fighting
 54029 | Snake:2  | Reached XP level 19. HP: 154/154 MP: 13/36
 54876 | Snake:3  | Found Ofegrao's Jewellery Shop.
 55817 | Snake:3  | Found Funn's Jewellery Emporium.
 56203 | Snake:3  | Identified the ring of Cuoffedgh {rPois rCorr Int+5}
 56446 | Snake:3  | Reached ****** piety under Vehumet
 56788 | Snake:4  | Entered Level 4 of the Snake Pit
 56897 | Snake:4  | Offered knowledge of Shatter by Vehumet.
 56897 | Snake:4  | Offered knowledge of Chain Lightning by Vehumet.
 56897 | Snake:4  | Offered knowledge of Polar Vortex by Vehumet.
 56900 | Snake:4  | Found a glacial archway.
 57041 | IceCv    | Entered an ice cave
 57305 | Snake:4  | Found Wiledyip's Tremendous Tomes.
 57325 | Snake:4  | Found Seecosm's Magic Scroll Shop.
 57399 | Snake:4  | Bought a scroll of immolation for 64 gold pieces
 57399 | Snake:4  | Bought a scroll of fear for 64 gold pieces
 57431 | Snake:4  | Learned a level 9 spell: Shatter
 57679 | Snake:4  | Reached skill level 10 in Dodging
 58205 | Snake:4  | Found a runed translucent door.
 58206 | Snake:4  | Noticed particleface's ghost (adept CoBe)
 58275 | Snake:4  | Killed particleface's ghost
 59540 | Snake:4  | Got a serpentine rune of Zot
 60282 | Vaults:1 | Entered Level 1 of the Vaults
 60330 | Vaults:1 | Reached XP level 20. HP: 145/170 MP: 10/38
 60555 | Vaults:1 | Reached skill level 5 in Stealth
 61622 | Vaults:1 | Identified the granite talisman of Meosoack {Fly rC+ Dex-4
                  | SInv}
 61900 | Vaults:1 | Paralysed by a formless jellyfish for 1 turns
 61920 | Vaults:1 | Found a runed translucent door.
 62115 | Vaults:1 | Acquired the +1 pair of gloves "Kuykogu" {Rampage rF+
                  | Str-5}
 62146 | Vaults:1 | Acquired an amulet of magic regeneration
 62314 | Vaults:1 | Identified the +3 ring mail of the Mpinguari {Harm Rampage
                  | rElec}
 62321 | Vaults:1 | Got the Volume of Calling and Incandescence
 62526 | Vaults:1 | Reached skill level 15 in Spellcasting
 62974 | Vaults:2 | Identified the +4 dagger of Cocytus {freeze, Fly rC+ rN+
                  | Str+2}
 63431 | Vaults:2 | Found a staircase to the Crypt.
 63431 | Vaults:2 | Found a basalt altar of Yredelemnul.
 63432 | Vaults:2 | Found an ancient bone altar of Kikubaaqudgha.
 64119 | Vaults:2 | Identified the +8 dagger of the Meager God {venom, rF+
                  | Will+}
 65388 | Vaults:3 | Reached skill level 10 in Translocations
 65411 | Vaults:3 | Reached XP level 21. HP: 182/182 MP: 34/40
 65473 | Vaults:3 | Found Mevvisa's Assorted Antiques.
 65482 | Vaults:3 | Bought a potion of curing for 153 gold pieces
 66372 | Vaults:3 | Learned a level 6 spell: Dispersal
 66453 | Vaults:4 | Identified the orb of Miehaq {light, Int+2 Stlth+}
 66453 | Vaults:4 | Noticed Frederick
 66459 | Vaults:4 | Killed Frederick
 66637 | Vaults:4 | Upgraded the game from 0.32-a0-898-g7811c86cf0 to
                  | 0.32-a0-900-g30fb1b0edc
 66757 | Vaults:4 | Noticed Norris
 66795 | Vaults:4 | Killed Norris
 67285 | Vaults:4 | Identified the +5 morningstar of Live {drain, rElec Will+
                  | MP-9 Str+3}
 68061 | Depths:1 | Entered Level 1 of the Depths
 68238 | Depths:1 | Found a one-way gate leading to the halls of Pandemonium.
 68251 | Depths:1 | Reached skill level 15 in Fighting
 68281 | Depths:1 | Reached XP level 22. HP: 135/196 MP: 13/41
 68688 | Depths:1 | Found a gateway to Hell.
 68742 | Depths:1 | Found Rupliur's Neck Hole.
 69775 | Depths:2 | Identified the ring of Fazuloud {rF+ rN+ Will+}
 69930 | Depths:2 | Got the Volume of Angles and the Storm
 70060 | Depths:2 | Found a one-way gateway to a ziggurat.
 70572 | Depths:3 | Found a one-way gate to the infinite horrors of the Abyss.
 70863 | Depths:2 | Learned a level 1 spell: Apportation
 71318 | Depths:3 | Got the Folio of the Blink Frog
 71328 | Depths:3 | Got the Exposition on Erosion and Outbursts
 71405 | Depths:3 | Noticed an ancient lich
 71409 | Depths:3 | Killed an ancient lich
 71444 | Depths:3 | Got the Secrets of the Iotic Torch
 71453 | Depths:3 | Found a shimmering blue altar of Sif Muna.
 71462 | Depths:3 | Noticed an ancient lich
 71473 | Depths:3 | Killed an ancient lich
 71544 | Depths:3 | Got the Incunabulum of Death
 71554 | Depths:3 | Got Ucrag's Exposition on Charnel Ceraunoscopy
 71970 | Depths:4 | Entered Level 4 of the Depths
 71972 | Depths:4 | Noticed a juggernaut
 71976 | Depths:4 | Noticed a juggernaut
 71976 | Depths:4 | Killed a juggernaut
 71980 | Depths:4 | Killed a juggernaut
 73075 | Depths:4 | Noticed a golden dragon
 73107 | Depths:4 | Killed a golden dragon
 73289 | Depths:4 | Reached XP level 23. HP: 202/209 MP: 33/43
 73842 | Depths:4 | Found a gate to the Realm of Zot.
 73918 | Depths:4 | Noticed a caustic shrike
 73918 | Depths:4 | Noticed a caustic shrike
 73918 | Depths:4 | Noticed a caustic shrike
 73918 | Depths:4 | Noticed a caustic shrike
 73925 | Depths:4 | Killed a caustic shrike
 73925 | Depths:4 | Killed a caustic shrike
 73926 | Depths:4 | Killed a caustic shrike
 73927 | Depths:4 | Killed a caustic shrike
 74412 | Vaults:5 | Entered Level 5 of the Vaults
 74414 | Vaults:5 | Reached skill level 15 in Dodging
 74455 | Vaults:5 | Noticed a dread lich
 74460 | Vaults:5 | Killed a dread lich
 74462 | Vaults:5 | Noticed an ancient lich
 74464 | Vaults:5 | Killed an ancient lich
 74465 | Vaults:5 | Reached skill level 10 in Evocations
 74723 | Vaults:5 | Got a silver rune of Zot
 74729 | Vaults:5 | Acquired 381 gold pieces
 74774 | Vaults:5 | Identified the +4 pair of boots "Voddouno" {rPois Str+5}
 75727 | Vaults:5 | Identified the +3 battleaxe of Coiwnedi {heavy, rPois rCorr
                  | Int-3}
 76493 | D:12     | Killed croobank's ghost
 76645 | D:10     | Reached XP level 24. HP: 216/216 MP: 38/43
 76650 | D:10     | Killed zenocrate's ghost
 77263 | D:13     | Killed Chish's ghost
 77375 | Orc:2    | Killed Eugor's ghost
 77643 | Lair:3   | Killed TheSexyCheese's ghost
 77680 | Lair:3   | Identified the +3 whip "Zuguxzifeu" {freeze, *Slow Fly
                  | Str+4 Int+3}
 77813 | Snake:4  | Bought a scroll of teleportation for 48 gold pieces
 77813 | Snake:4  | Bought 2 scrolls of teleportation for 96 gold pieces
 77813 | Snake:4  | Bought a scroll of vulnerability for 64 gold pieces
 78118 | Orc:2    | Bought a scroll of fog for 52 gold pieces
 78118 | Orc:2    | Bought a scroll of fog for 52 gold pieces
 78292 | Vaults:3 | Bought a scroll of butterflies for 204 gold pieces
 78292 | Vaults:3 | Bought a scroll of revelation for 382 gold pieces
 78498 | Depths:3 | Voluntarily entered the Abyss.
 78505 | Abyss:1  | Found a corrupted altar of Lugonu.
 79155 | Depths:3 | Escaped the Abyss
 79235 | Depths:3 | Voluntarily entered the Abyss.
 79811 | Abyss:3  | Found a corrupted altar of Lugonu.
 79909 | Abyss:3  | Found a corrupted altar of Lugonu.
 80055 | Abyss:3  | Found a corrupted altar of Lugonu.
 80061 | Depths:3 | Escaped the Abyss
 80329 | Depths:3 | Voluntarily entered the Abyss.
 80415 | Depths:3 | Escaped the Abyss
 80582 | Depths:3 | Voluntarily entered the Abyss.
 80755 | Abyss:3  | Found a corrupted altar of Lugonu.
 80880 | Abyss:3  | Got an abyssal rune of Zot
 80963 | Depths:3 | Escaped the Abyss
 81125 | D:11     | You showed the abyssal rune of Zot to enter a treasure
                  | trove
 81126 | Trove    | Entered a treasure trove
 81152 | Trove    | Identified the amulet "Yviel" {Spirit rElec rC+ rN+}
 81173 | Trove    | Identified the ring of Murafai {rC+ Str+5 Dex+2}
 81179 | Trove    | Identified the scarf of Instinct {repulsion, rElec Int+3}
 81488 | Zot:1    | Entered Level 1 of the Realm of Zot
 81799 | Zot:1    | Learned a level 3 spell: Passwall
 81931 | Zot:2    | Found an ornate altar of the Wu Jian Council.
 82634 | Zot:2    | Mangled by a protean progenitor

Illustrated notes

Levels and vault maps discovered:
D:1:      lightli_arrival_chessboard, layout_basic,
          ebering_ecumenical_altar_mist
D:2:      layout_loops_cross, serial_shops, nicolae_shop_window_shopping,
          nicolae_shop_hallway_stairs
D:3:      layout_basic, nicolae_uskayaw_suspiria, nicolae_gozag_seed_capital,
          nicolae_overflow_hidden_temple, portal_sewer_entry_a, uniq_terence,
          uniq_natasha
D:4:      layout_gridville, yredelemnul_altar_generic,
          mainiacjoe_overflow_cross_hatched
D:5:      layout_basic, temple_hall, uniq_sigmund
D:6:      layout_basic, minivault_27, serial_bayou_lagoon_a,
          hangedman_abyss_or_decor_stagger, uniq_blork_the_orc, uniq_pikel
D:7:      layout_rooms, nicolae_qazlal_beasts_of_the_sky
D:8:      minmay_thinvault, layout_loops_ring, dreamdust_deal_with_the_devil,
          worms_lemuel, uniq_psyche, uniq_maggie, uniq_joseph
D:9:      layout_irregular_city, overflow_temple_1_default, nicolae_wwwww,
          chequers_serial_rivers_marsh, lemuel_flamethrower_hall
D:10:     layout_loops_ring, david_lair_generic, serial_shops,
          nicolae_shop_tiny_glass, muffindrake_ghost_dual_entry, uniq_snorg,
          uniq_lodul, uniq_erolcha
D:11:     layout_rooms, orc_0_dummy, nicolae_trove_entry_path_of_doom,
          uniq_erica, uniq_fannar, uniq_sonja, uniq_harold
D:12:     layout_rooms, gammafunk_ghost_arena, roderic_lattice_a
D:13:     minmay_the_grid_octo_tiled_octocenter [minmay_the_grid_octo_focus,
          minmay_the_grid_octo_horde, minmay_the_grid_octo_tetromino_candy,
          minmay_the_grid_octo_odd_swirl,
          minmay_the_grid_octo_prize_ultimate_mussel_roller,
          minmay_the_grid_square_5x5_moneybag,
          minmay_the_grid_square_5x5_shuriken,
          minmay_the_grid_square_5x5_checkered,
          minmay_the_grid_square_5x5_comb], layout_basic,
          hellmonk_vaults_order_and_chaos, gammafunk_ghost_grave, serial_shops,
          nicolae_shop_pleasant_corner_grove, minmay_fractal_squares_gapless_7
D:14:     layout_basic, uniq_jorgrun
D:15:     hangedman_spin_cycle
Temple:   eino_wide_crystal_templ
Lair:1:   layout_long_grid, beast_lair_carwin_4, grunt_megastairs_3
Lair:2:   layout_gridlike, swamp_mist, special_room [special_room_bee]
Lair:3:   layout_cave_pods, alex1729_snake_entry_snake, gauntlet_entry_generic,
          maelrawn_ghost_gauntlet_escape, uniq_kirke
Lair:4:   layout_small_grid, slime_entry_1, grunt_megastairs_4, uniq_rupert
Lair:5:   wormcave, layout_gridlike, guppyfry_lair_end_dragon, basic_altar
Swamp:1:  layout_basic_swamp, evilmike_swamp_ruin_rubble_2, swamp_pool_5,
          infiniplex_staircase_pool
Swamp:2:  layout_basic_swamp, evilmike_swamp_ruin_house_1, uniq_roxanne
Swamp:3:  layout_basic_swamp, evilmike_swamp_ruin_house_5, uniq_mlioglotl
Swamp:4:  swamp_icy, layout_basic_swamp, swamp_pool_3,
          nicolae_swamp_round_clearing, nicolae_swamp_fairy_circle,
          nicolae_swamp_feature_on_the_river_bank
Snake:1:  layout_chambers, serial_shops, nicolae_lakefront_shop
Snake:2:  layout_misc_corridors, nicolae_snake_scaly_snakehead,
          serial_bayou_shore_b
Snake:3:  layout_onion, serial_shops, shop, minmay_shop_enchanted_jewellery,
          nicolae_snake_salamander_fort, nicolae_triple_integral
Snake:4:  hellmonk_snake_rune_quicksilver_temple, layout_layer_cave,
          hellmonk_ghost_happy_afterlife, portal_ice_cave_entry_ugly_swarm,
          nicolae_shop_i_like_big_books, minmay_shop_star, lemuel_fruit_tree
Orc:1:    layout_caves
Orc:2:    grunt_orc_community_town_hall, layout_caves,
          grunt_orc_community_big_house_1, grunt_orc_community_big_house_1,
          grunt_orc_community_house_2, grunt_orc_community_house_2,
          grunt_orc_community_house_2, grunt_orc_community_house_1,
          ebering_ghost_inner_flame, nicolae_orc_stalacmites
Elf:1:    nicolae_elf_arrival_no_cutting_in_line, layout_geoelf_grid,
          serial_shops, shop, portal_desolation_entry_salt,
          minmay_elf_crystal_heptagon, roderic_roman_lattice
Elf:2:    nicolae_elf_blades_splatter_lattice
          [nicolae_blade_entry_sentries_behind_glass], layout_geoelf_diagonals,
          basic_altar, minivault_27
Elf:3:    minmay_elf_hall_dome, layout_geoelf_castle, basic_altar, serial_glass,
          glass_columns_a, glass_columns_a, grunt_megastairs_2, uniq_donald,
          uniq_bai_suzhen
Vaults:1: nicolae_vaults_shrinking_rooms_1, nicolae_vaults_oozy_zoo,
          grunt_vaults_focal, hangedman_vaults_unwind,
          nicolae_vaults_closet_pinwheel_4, ontoclasm_vaults_bender,
          nicolae_vaults_variable_pillar_hall, nicolae_vaults_more_shelving_1,
          vaults_standard_mumra_lines, nicolae_vaults_tetromino_L_2,
          nicolae_vaults_trapezoid_2, nicolae_vaults_trapezoid_layered,
          nicolae_vaults_network_star, layout_vaults_ring
Vaults:2: hangedman_vaults_restitches, nicolae_vaults_storage_closets_3,
          nicolae_vaults_branching_niches, minmay_crypt_entry_necro_gods,
          grunt_vaults_trifunnel, nicolae_vaults_diagonal_hallway_8,
          nicolae_vaults_spaceships, vaults_dpeg_spiral,
          nicolae_vaults_variable_pillar_hall, ontoclasm_vaults_decontamination,
          layout_vaults_quadrants
Vaults:3: nicolae_vaults_tangram_2, hangedman_vaults_maws, vaults_room_boxed,
          v_misc_26, nicolae_vaults_variable_pillar_hall,
          nicolae_vaults_security_offices_6, nicolae_vaults_little_squares_6,
          v_misc_25, layout_vaults_maze_snakey, serial_shops,
          nicolae_shop_overgrown_old_shop
Vaults:4: nicolae_vaults_trapezoid_4, v_pattern_3,
          nicolae_vaults_trapezoid_layered, v_rooms_3,
          nicolae_vaults_big_angled_halls, nicolae_vaults_diamond_1,
          nicolae_vaults_tangram_1, v_misc_15, hangedman_vaults_corner_blocks,
          nicolae_vaults_little_squares_5, hangedman_vaults_trim,
          vaults_room_semicircle, layout_vaults_omnicross, uniq_margery,
          uniq_frederick, uniq_norris
Vaults:5
Depths:1: layout_gridlike, rand_demon_pan_entry_9, hell_entry,
          nicolae_shop_sticking_my_neck_out
Depths:2: minmay_stepped, layout_cave_pools, enter_ziggurat_d,
          minmay_misc_feat_pillars, serial_column_ruins,
          column_ruins_portal_island, column_ruins_courtyard_long_water,
          column_ruins_hut_ruined, column_ruins_open_medium,
          column_ruins_columns_straight, column_ruins_open_small, hell_entry,
          grunt_pan_entry_in_and_out
Depths:3: evilmike_library_of_no_secrets, layout_basic, nrook_campfire,
          hell_entry, abyss_entry
Depths:4: evilmike_zot_entry_diamond, layout_small_grid, grunt_metal_band,
          minmay_hedge_maze, serial_library_hellmonk_octagon
Zot:1:    layout_onion, gammafunk_ghost_mausoleum
Zot:2:    regret_index_all_hallows'_manor, layout_gridlike, basic_altar,
          regret_index_zotdec_glowing_original
Zot:3:    layout_misc_corridors, regret_index_zotdec_golden_two_three

Skill      XL: |  1  2  3  4  5  6  7  8  9 10 11 12 13 14 15 16 17 18 19 20 21 22 23 24 |
---------------+-------------------------------------------------------------------------+-----
Conjurations   | 1 2 3 4 6 8 11 12 14 16 17 18 | 18.5
Alchemy        | 1 |  1.0
Fighting       | 2 3 4 6 8 9 10 12 14 16 18 | 18.6
Stealth        | 2 3 4 5 |  5.0
Earth Magic    | 2 4 5 8 9 12 14 16 18 21 23 | 23.0
Translocations | 4 6 10 14 | 14.7
Dodging        | 2 4 5 9 10 12 14 15 | 15.5
Spellcasting   | 6 8 10 11 12 13 14 15 16 | 16.0
Evocations     | 2 3 5 6 8 10 14 | 14.0
Necromancy     | 8 |  8.0
Air Magic      | 5 6 |  6.0
Summonings     | 5 7 10 11 14 | 14.0

Action                     |  1- 3 |  4- 6 |  7- 9 | 10-12 | 13-15 | 16-18 | 19-21 | 22-24 || total
---------------------------+-------+-------+-------+-------+-------+-------+-------+-------++-------
  Melee: Club              |    18 |       |       |       |       |       |       |       ||    18
         Dagger            |    13 |   141 |     9 |       |       |       |       |       ||   163
         Tailslap          |     3 |    21 |    14 |     8 |    11 |     1 |     3 |    17 ||    78
         Short sword       |       |       |    34 |       |       |       |       |       ||    34
         Staff             |       |       |    56 |    42 |    77 |    14 |    18 |    83 ||   290
   Cast: Sting             |    79 |    69 |   150 |    54 |     9 |       |       |       ||   361
         Stone Arrow       |       |     2 |    80 |   203 |   297 |   155 |    21 |     1 ||   759
         Iskenderun's Myst |       |       |     2 |     3 |    89 |    50 |     7 |    11 ||   162
         Blink             |       |       |       |     1 |     3 |       |       |     1 ||     5
         Borgnjor's Vile C |       |       |       |    25 |    60 |    52 |    14 |    15 ||   166
         Summon Lightning  |       |       |       |    18 |   113 |       |       |       ||   131
         Bombard           |       |       |       |       |    16 |       |       |       ||    16
         Orb of Destructio |       |       |       |       |    41 |   222 |   311 |   214 ||   788
         Spellforged Servi |       |       |       |       |    10 |   145 |    90 |   101 ||   346
         Lehudib's Crystal |       |       |       |       |     4 |    48 |    14 |    63 ||   129
         Shatter           |       |       |       |       |       |       |   100 |   164 ||   264
         Dispersal         |       |       |       |       |       |       |       |     8 ||     8
         Apportation       |       |       |       |       |       |       |       |     1 ||     1
Ability: Mud Breath        |       |       |       |       |     1 |       |       |       ||     1
  Evoke: Wand              |       |       |       |     9 |     2 |     5 |     7 |     4 ||    27
    Use: Scroll            |       |     5 |     5 |    10 |    17 |     4 |     7 |     5 ||    53
         Potion            |       |       |     1 |       |     1 |     1 |     4 |     7 ||    14
   Stab: Distracted        |       |       |       |     1 |     1 |       |       |     3 ||     5
         Paralysed         |       |       |       |       |       |     4 |       |       ||     4
 Armour: Skin              |    32 |    62 |    94 |   136 |   372 |   401 |   431 |   459 ||  1987
  Dodge: Dodged            |    34 |   202 |   246 |   276 |   361 |   202 |   228 |   307 ||  1856
  Block: Other             |       |       |    39 |       |       |       |       |       ||    39

Table legend: (Time is in decaauts)
 A = Elapsed time spent in this place.
 B = Non-inter-level travel time spent in this place.
 C = Inter-level travel time spent in this place.
 D = Time resting spent in this place.
 E = Time spent auto-exploring this place.
 F = Levels seen in this place.
 G = Mean time per level.
                   A        B        C        D        E       F      G
               +--------+--------+--------+--------+--------+-----+--------+
         Total |  82929 |  73691 |   9238 |  13416 |  45318 |  56 | 1480.9 |
       Dungeon |  24211 |  20252 |   3959 |   2721 |  14056 |  15 | 1614.1 |
        Temple |     18 |     10 |      8 |      0 |      0 |   1 |   18.0 |
          Lair |  12600 |  10845 |   1755 |   2408 |   6393 |   5 | 2520.0 |
         Swamp |   5453 |   5087 |    366 |    682 |   3640 |   4 | 1363.2 |
     Snake Pit |   9558 |   8845 |    713 |   1895 |   5375 |   4 | 2389.5 |
  Orcish Mines |   3127 |   2611 |    516 |    783 |   1295 |   2 | 1563.5 |
   Elven Halls |   6207 |   5857 |    350 |   1304 |   3359 |   3 | 2069.0 |
        Vaults |   9505 |   8633 |    872 |   1007 |   5779 |   5 | 1901.0 |
        Depths |   6821 |   6125 |    696 |   1213 |   3912 |   4 | 1705.2 |
           Zot |   1156 |   1156 |      0 |    659 |     17 |   3 |  385.3 |
         Abyss |   1965 |   1965 |      0 |    271 |    466 |   6 |  327.5 |
         Trove |     93 |     93 |      0 |      0 |     12 |   1 |   93.0 |
         Sewer |   1194 |   1194 |      0 |    113 |    661 |   1 | 1194.0 |
      Ice Cave |    111 |    111 |      0 |     98 |      0 |   1 |  111.0 |
      Gauntlet |    904 |    904 |      0 |    262 |    353 |   1 |  904.0 |
               +--------+--------+--------+--------+--------+-----+--------+

Top non-repeatable levels by time:
   Elf:3: 3305 daAuts
  Lair:5: 3259 daAuts
  Lair:3: 3064 daAuts
 Snake:2: 3047 daAuts
    D:13: 2864 daAuts
 Snake:4: 2803 daAuts
Vaults:1: 2714 daAuts
  Lair:1: 2507 daAuts
    D:10: 2493 daAuts
Vaults:2: 2437 daAuts
    D:11: 2228 daAuts
Depths:4: 2156 daAuts
   Orc:2: 2148 daAuts
  Lair:2: 2125 daAuts
    D:15: 2110 daAuts
